 Seeded DCSS version 0.27-a0-1066-g29160ea (webtiles) character file.

Game seed: 7323716169079990189 (custom seed)

28 GeorgeSoros the Grave Robber (level 3, -6/16 HPs)
             Began as a Vine Stalker Necromancer on Apr 23, 2021.
             Mangled by a scorpion (9 damage)
             ... on level 2 of the Dungeon.
             The game lasted 00:02:59 (1544 turns).

GeorgeSoros the Grave Robber (VSNe)                 Turns: 1544, Time: 00:03:00

Health: -6/16      AC:  2    Str: 10    XL:     3   Next: 12%
Magic:  0/7        EV: 12    Int: 16    God:
Gold:   47         SH:  0    Dex: 14    Spells: 2/6 levels left

rFire    . . .     SeeInvis .     - Unarmed
rCold    . . .     Faith    .   (no shield)
rNeg     . . .     Spirit   +   a - +0 robe
rPois    .         Reflect  .   (no helmet)
rElec    .         Harm     .   (no cloak)
rCorr    .         Rampage  .   (no gloves)
Will     .....                  (no boots)
Stlth    ++........             (no amulet)
HPRegen  0.05/turn              (no ring)
MPRegen  0.10/turn              (no ring)

@: no status effects
A: fangs 2, magic shield, antimagic bite, no potion heal 2
a: no special abilities


You were on level 2 of the Dungeon.
You visited 1 branch of the dungeon, and saw 2 of its levels.

You collected 47 gold pieces.

Inventory:

Missiles
 b - 14 poisoned darts
Armour
 a - a +0 robe (worn)
Scrolls
 f - a scroll of holy word {unknown}
 g - a scroll of immolation
Potions
 c - a potion of invisibility {unknown}
 d - a potion of brilliance {unknown}
 e - a potion of heal wounds {unknown}


   Skills:
 - Level 1.5 Dodging
 - Level 3.2 Stealth
 + Level 1.3 Unarmed Combat
 - Level 2.1 Spellcasting
 + Level 4.3 Necromancy


You had 2 spell levels left.
You knew the following spells:

 Your Spells              Type           Power      Damage    Failure   Level
a - Pain                  Necr           60%        1d7       3%          1
b - Vampiric Draining     Necr           7%         2d7       11%         3

Your spell library contained the following spells:

 Spells                   Type           Power      Damage    Failure   Level
 Animate Skeleton         Necr           30%        N/A       3%          1
 Animate Dead             Necr           7%         N/A       34%         4
 Agony                    Necr           15%        N/A       67%         5


Dungeon Overview and Level Annotations

Branches:
Dungeon (2/15)

Altars:


Innate Abilities, Weirdness & Mutations

You have extremely sharp teeth.
When hurt, damage is shared between your health and your magic reserves.
Your bite disrupts and absorbs the magic of your enemies.
Potions cannot restore your health.


Message History

There is an open door here.
You open the door.
A hobgoblin comes into view.
The hobgoblin shouts!
The hobgoblin writhes in agony.
You kill the hobgoblin!
There is an open door here.
You open the door.
There is an open door here.
Found a whip.
No target in view!
You see here a +0 whip.
A hobgoblin comes into view.
The hobgoblin shouts!
The hobgoblin writhes in agony!
You kill the hobgoblin!
You see here a hobgoblin corpse.
You see here a hobgoblin corpse.
You see here a +0 mace.
Done exploring.
You see here a +0 mace.
There is a stone staircase leading down here.
You climb downwards.
A scorpion comes into view.
There is a stone staircase leading up here.
You can't see any susceptible monsters within range! (Use Z to cast anyway.)
The scorpion writhes in agony.
The scorpion struggles to resist.
The scorpion writhes in agony.
The scorpion struggles to resist.
The scorpion stings you!
Ouch! That really hurt!
* * * LOW HITPOINT WARNING * * *
The scorpion stings you.
* * * LOW HITPOINT WARNING * * *
Unknown command.
You closely miss the scorpion.
The scorpion is moderately wounded.
The scorpion stings you!
Ouch! That really hurt!
You die...

##+##
##...##
##.....##
##.......##
#.........#
+.........+
#...@s....#
##<......##
##.....##
##...##
##+##


You could see a scorpion.

Vanquished Creatures
  A dart slug (D:1)
  2 ball pythons (D:1)
  2 bats (D:1)
  5 endoplasms (D:1)
  A giant cockroach (D:1)
  A goblin (D:1)
  5 hobgoblins (D:1)
  2 quokkas (D:1)
  A frilled lizard (D:1)
  A rat (D:1)
21 creatures vanquished.

Notes
Turn   | Place    | Note
-------+----------+-------------------------------------------
     0 | D:1      | GeorgeSoros the Vine Stalker Necromancer began the quest
                  | for the Orb.
     0 | D:1      | Reached XP level 1. HP: 9/9 MP: 4/4
   312 | D:1      | Reached XP level 2. HP: 10/13 MP: 1/6
   624 | D:1      | Reached skill level 1 in Unarmed Combat
  1130 | D:1      | Reached XP level 3. HP: 13/16 MP: 4/7
  1141 | D:1      | Learned a level 3 spell: Vampiric Draining
  1537 | D:2      | Noticed a scorpion
  1544 | D:2      | Mangled by a scorpion

Illustrated notes

Levels and vault maps discovered:
D:1:      shiori_arrival_oz, layout_loops_ring, hex_tiny
D:2:      layout_loops_corners, uniq_sigmund

Skill      XL: |  1  2 |
---------------+-------+-----
Stealth        | 3 |  3.2
Unarmed Combat | 1 |  1.3
Dodging        | |  1.5
Spellcasting   | |  2.1
Necromancy     | |  4.3

Action                   || total
-------------------------++-------
Melee: Unarmed           ||     5
 Cast: Pain              ||    41
  Use: Scroll            ||     2
Armor: Robe              ||     1
Dodge: Dodged            ||     4

Table legend: (Time is in decaauts)
 A = Elapsed time spent in this place.
 B = Non-inter-level travel time spent in this place.
 C = Inter-level travel time spent in this place.
 D = Time resting spent in this place.
 E = Time spent auto-exploring this place.
 F = Levels seen in this place.
 G = Mean time per level.
                   A        B        C        D        E       F      G
               +--------+--------+--------+--------+--------+-----+--------+
         Total |   1543 |   1535 |      8 |      0 |   1420 |   2 |  771.5 |
       Dungeon |   1543 |   1535 |      8 |      0 |   1420 |   2 |  771.5 |
               +--------+--------+--------+--------+--------+-----+--------+

Top non-repeatable levels by time:
     D:1: 1537 daAuts
     D:2: 6 daAuts
